 Dungeon Crawl Stone Soup version 0.30-a0-305-g026cb31310 (webtiles) character file.

Game seed: 14746074718862518561

86 byup the Shield-Bearer (level 4, -8/23 HPs)
             Began as a Vine Stalker Fighter on Oct 22, 2022.
             Was an Initiate of Wu Jian.
             Mangled by a gnoll
             ... wielding a +0 halberd
              (10 damage)
             ... on level 3 of the Dungeon.
             The game lasted 00:11:02 (1912 turns).

byup the Shield-Bearer (Vine Stalker Fighter)       Turns: 1912, Time: 00:11:02

Health: -8/23      AC:  6    Str: 19    XL:     4   Next: 50%
Magic:  0/5        EV:  9    Int:  8    God:    Wu Jian [......]
Gold:   91         SH:  5    Dex: 15    Spells: 3/3 levels left

rFire   . . .      SeeInvis +    a - +0 long sword
rCold   . . .      Faith    .    c - +0 buckler
rNeg    . . .      Spirit   +    b - +0 scale mail
rPois   .          Reflect  .    (no helmet)
rElec   .          Harm     .    (no cloak)
rCorr   .          Rampage  .    (no gloves)
Will    .....                    (no boots)
Stlth   ..........               (no amulet)
HPRegen 1.03/turn                e - ring of see invisible
MPRegen 0.09/turn                (no ring)

@: no status effects
A: fangs 2, regeneration 1, magic shield, antimagic bite, no potion heal 2
a: Renounce Religion


You were on level 3 of the Dungeon.
You worshipped Wu Jian.
Wu Jian was noncommittal.
You visited 1 branch of the dungeon, and saw 3 of its levels.

You collected 91 gold pieces.

Inventory:

Hand Weapons
 a - a +0 long sword (weapon)
 f - a +4 dagger
Armour
 b - a +0 scale mail (worn)
 c - a +0 buckler (worn)
Jewellery
 e - a ring of see invisible (left hand)
 m - a +4 ring of protection
 p - an amulet of reflection
Scrolls
 i - a scroll of blinking {unknown}
 j - a scroll of fear {unknown}
 k - a scroll of immolation {unknown}
 l - a scroll of brand weapon {unknown}
 o - a scroll of teleportation {unknown}
Potions
 d - 3 potions of might
 g - a potion of heal wounds {unknown}
 h - a potion of lignification {unknown}
 n - a potion of attraction {unknown}
 q - a potion of haste {unknown}


   Skills:
 + Level 2.9 Fighting
 + Level 2.3 Long Blades
 + Level 3.0 Armour
 * Level 3.7 Shields


You had 3 spell levels left.
You didn't know any spells.
Your spell library was empty.

Dungeon Overview and Level Annotations

Branches:
Dungeon (3/15)

Altars:
Wu Jian


Innate Abilities, Weirdness & Mutations

You have extremely sharp teeth.
Your natural rate of healing is unusually fast.
When hurt, damage is shared between your health and your magic reserves.
Your bite disrupts and absorbs the magic of your enemies.
Potions cannot restore your health.


Message History

An orc comes into view. It is wielding a +0 short sword.
The orc shouts!
The gnoll attacks as you move away! The gnoll hits you with a +0 whip.
You hit the gnoll. You bite the gnoll, but do no damage.
The gnoll is lightly wounded.
The gnoll hits you with a +0 whip.
You hit the gnoll. You bite the gnoll.
You kill the gnoll!
The Council accepts your kill. The gnoll barely misses you. x2
You lunge at the gnoll.
You slash the gnoll! Your bite misses the gnoll.
The gnoll is almost dead.
The gnoll barely misses you.
The gnoll hits you from afar with a +0 halberd!
Things that are here:
a +0 whip; a gnoll corpse You block the gnoll's attack.
You lunge at the gnoll.
You closely miss the gnoll. Your bite misses the gnoll.
The gnoll is almost dead.
You block the gnoll's attack.
The gnoll hits you from afar with a +0 halberd.
Things that are here:
a +0 whip; a gnoll corpse You barely miss the gnoll.
Your bite misses the gnoll.
The gnoll is almost dead.
The gnoll closely misses you.
The gnoll hits you from afar with a +0 halberd.
You hit the gnoll.
You kill the gnoll!
The Council accepts your kill.
The gnoll hits you from afar with a +0 halberd.
You slash the orc!
You kill the orc!
The Council accepts your kill.
The gnoll hits you from afar with a +0 halberd!
* * * LOW HITPOINT WARNING * * *
The orc drinks a potion.
The orc flickers and vanishes for a moment.
The gnoll hits you from afar with a +0 halberd!
You die...

........#
..o..o.. .oo...
#...g# #....
#..o #..#
#o##### ..# #..#
#g)@..# #.# #..#
#####.# #.#
##..# #.# #.#
#.... #.# #.#
#...# #.# #.#
#...#
#.######.###...#
#......#.##.#..#
######.#.#)###.#
#....## ##(


You could see a gnoll and an orc (invisible).

Vanquished Creatures
  3 adders (D:2)
  2 gnolls (D:3)
  A worm (D:2)
  4 orcs (D:3)
  2 endoplasms
  3 goblins (D:1)
  3 hobgoblins
  4 jackals (D:2)
  2 kobolds (D:1)
  A quokka (D:1)
  4 ball pythons
  2 bats
  3 frilled lizards
  A rat (D:2)
35 creatures vanquished.

Notes
Turn   | Place    | Note
-------+----------+-------------------------------------------
     0 | D:1      | byup the Vine Stalker Fighter began the quest for the Orb.
     0 | D:1      | Reached XP level 1. HP: 11/11 MP: 2/2
   133 | D:1      | Reached XP level 2. HP: 16/16 MP: 3/3
   982 | D:2      | Reached XP level 3. HP: 14/19 MP: 1/4
  1072 | D:2      | Found an ornate altar of the Wu Jian Council.
  1096 | D:2      | Became a worshipper of the Wu Jian Council
  1595 | D:2      | Gained mutation: Your natural rate of healing is unusually
                  | fast. [Vine Stalker growth]
  1595 | D:2      | Reached XP level 4. HP: 19/23 MP: 5/5
  1912 | D:3      | Mangled by a gnoll

Illustrated notes

Levels and vault maps discovered:
D:1:      kilobyte_arrival_exit_the_forest, layout_basic
D:2:      layout_loops_ring, basic_altar, amcnicky_mini_rare_corridor_liquid
D:3:      layout_loops_ring, corexii_hall_statues_s

Skill      XL: |  1  2  3 |
---------------+----------+-----
Shields        | 3 |  3.7
Long Blades    | 2 |  2.3
Armour         | 3 |  3.0
Fighting       | |  2.9

Action                   |  1- 3 |  4- 6 || total
-------------------------+-------+-------++-------
Melee: Long sword        |    69 |    34 ||   103
       Bite              |    16 |    12 ||    28
Invok: Lunge             |     1 |     3 ||     4
Armor: Scale mail        |    44 |    12 ||    56
Dodge: Dodged            |    41 |    19 ||    60
Block: Buckler           |    12 |     9 ||    21

Table legend: (Time is in decaauts)
 A = Elapsed time spent in this place.
 B = Non-inter-level travel time spent in this place.
 C = Inter-level travel time spent in this place.
 D = Time resting spent in this place.
 E = Time spent auto-exploring this place.
 F = Levels seen in this place.
 G = Mean time per level.
                   A        B        C        D        E       F      G
               +--------+--------+--------+--------+--------+-----+--------+
         Total |   1959 |   1915 |     44 |    100 |    583 |   3 |  653.0 |
       Dungeon |   1959 |   1915 |     44 |    100 |    583 |   3 |  653.0 |
               +--------+--------+--------+--------+--------+-----+--------+

Top non-repeatable levels by time:
     D:1: 965 daAuts
     D:2: 837 daAuts
     D:3: 157 daAuts
